 Dungeon Crawl Stone Soup version 0.30.1-9-gdf580d7c3d (webtiles) character file.

Game seed: 10333467414491532140

4976 Thatboi the Protected (level 10, -8/64 HPs)
             Began as a Gargoyle Fighter on Sept 25, 2023.
             Was a Follower of Ashenzari.
             Mangled by a tengu warrior
             ... wielding a +1 long sword
              (19 damage)
             ... on level 9 of the Dungeon.
             The game lasted 00:47:10 (7497 turns).

Thatboi the Protected (Gargoyle Fighter)            Turns: 7497, Time: 00:47:10

Health: -8/64      AC: 31    Str: 24    XL:     10   Next: 53%
Magic:  19/19      EV:  9    Int:  9    God:    Ashenzari [*.....]
Gold:   388        SH:  8    Dex:  9    Spells: 21/21 levels left

rFire   . . .        y - +3 spear (chaos)
rCold   . . .        w - +3 buckler {AC+3}
rNeg    + . .        b - +0 scale mail "Tethered Affliction" {Alch, Melee} (curse)
rPois   ∞            s - +0 helmet of the Bound Sphere {Fort, Alch} (curse)
rElec   +            d - +2 cloak
rCorr   .            A - +1 pair of gloves
SInv    .            B - +0 pair of boots
Will    +....        (no amulet) Stlth
                     v - +4 ring of protection
HPRegen 0.30/turn    L - ring of willpower
MPRegen 0.16/turn

%: no passive effects
@: no status effects
A: sickness immunity, AC +7, negative energy resistance 1, electricity
resistance, torment resistance 1, petrification resistance
a: Renounce Religion, Shatter the Chains


You were on level 9 of the Dungeon.
You worshipped Ashenzari.
Ashenzari was aware of your devotion.
You visited 2 branches of the dungeon, and saw 10 of its levels.

You collected 408 gold pieces.
You spent 20 gold pieces at shops.

Inventory:

Hand Weapons
 a - a +0 trident
 i - a +3 long sword
 o - the +5 mace "Suocem" {protect, rC+ Str+5 Dex+2}
   (You found it on level 2 of the Dungeon)

   Str:       It affects your strength (+5).
   Dex:       It affects your dexterity (+2).
   rC:        It protects you from cold.
 y - a +3 spear of chaos (weapon)
 z - a +0 spear of chaos
Missiles
 g - 6 boomerangs
 D - 20 poisoned darts
Armour
 b - the cursed +0 scale mail "Tethered Affliction" (worn) {Alch, Melee}

   It has a curse which improves the following skills: Alchemy: Poison Magic and
   Transmutations.
   Melee Combat: Short Blades, Long Blades, Axes, Maces & Flails, Polearms,
   Staves and Unarmed Combat.
 c - a +0 buckler
 d - a +2 cloak (worn)
 s - the cursed +0 helmet of the Bound Sphere (worn) {Fort, Alch}
   (You found it on level 2 of the Dungeon)

   It has a curse which improves the following skills: Fortitude: Armour and
   Shields.
   Alchemy:   Poison Magic and Transmutations.
 t - the +0 leather armour of Gozag's Castigation {+Inv Int-5 Slay+3}
   (You found it on level 2 of the Dungeon)

   Int:       It affects your intelligence (-5).
   Slay:      It affects your accuracy & damage with ranged weapons and melee
   (+3).
   +Inv:      It lets you turn invisible.
 w - a +3 buckler of protection (worn)
 A - a +1 pair of gloves (worn)
 B - a +0 pair of boots (worn)
Jewellery
 v - a +4 ring of protection (left hand)
 x - a ring of resist corrosion
 L - a ring of willpower (right hand)
Wands
 F - a wand of light (1)
 G - a wand of mindburst (4) (quivered)
 K - a wand of iceblast (7)
Scrolls
 e - 4 scrolls of amnesia
 f - a scroll of brand weapon
 h - 2 scrolls of summoning
 j - a scroll of blinking
 k - 5 scrolls of poison
 l - a scroll of enchant armour
 m - 2 scrolls of vulnerability
 p - 5 scrolls of teleportation
 r - a scroll of acquirement
 u - a scroll of magic mapping
 C - a scroll of fog
 E - 3 scrolls of noise
 J - a scroll of silence
Potions
 n - a potion of brilliance
 q - 2 potions of lignification
 H - a potion of attraction
 I - a potion of degeneration
 M - 3 potions of curing


   Skills:
 + Level 8.1 Fighting
 - Level 0.4(0.8) Maces & Flails
 + Level 6.4(7.2) Polearms
 + Level 8.2(9.0) Armour
 + Level 8.2(9.0) Shields
 + Level 6.1 Spellcasting


You had 21 spell levels left.
You didn't know any spells.
Your spell library contained the following spells:

 Spells                   Type           Power      Damage    Failure   Level
 Foxfire                  Conj/Fire      8%         2x1d4     47%         1
 Freeze                   Ice            8%         1d3       47%         1
 Kiss of Death            Conj/Necr      8%         2d6       47%         1
 Blink                    Tloc           4%         N/A       63%         2
 Lesser Beckoning         Tloc           4%         N/A       63%         2
 Momentum Strike          Conj/Tloc      4%         3d8       63%         2
 Confusing Touch          Hex            2%         N/A       85%         3
 Frozen Ramparts          Ice            4%         1d1       85%         3
 Hailstorm                Conj/Ice       2%         3d3       85%         3
 Dispel Undead            Necr           2%         3d7       99%         4
 Fireball                 Conj/Fire      1%         3d3       100%        5
 Plasma Beam              Fire/Air       1%         2x1d12    100%        6
 Starburst                Conj/Fire      1%         6d3       100%        6


Dungeon Overview and Level Annotations

Branches:
Dungeon (9/15)             Temple (1/1) D:5
   Lair: D:8-11         Orc: D:9-12

Altars:
Ashenzari
Cheibriados
Dithmenos
Elyvilon
Fedhas
Gozag
Hepliaklqana
Makhleb
Nemelex Xobeh
Ru
Sif Muna
Trog
Uskayaw
Vehumet
Wu Jian
Xom
Yredelemnul
Zin
The Shining One

Shops:
D:2 *[   D:8 (

Annotations:
D:1 1 runed translucent door
D:4 1 runed translucent door, Crazy Yiuf


Innate Abilities, Weirdness & Mutations

You are immune to sickness and miasma.
Your stone body is resilient. (AC +7)
You are immune to poison.
You resist negative energy. (rN+)
You are resistant to electric shocks. (rElec)
You are resistant to unholy torment.
You are immune to petrification.


Message History

You hit the tengu warrior.
The tengu warrior is moderately wounded.
The tengu warrior hits you with a +1 long sword!!
* * * LOW HITPOINT WARNING * * *
The tengu warrior closely misses you.
The tengu warrior claws you but does no damage.
You are confused.
You feel invigorated.
The orc warrior hits you but does no damage.
The tengu warrior hits you but does no damage.
The tengu warrior pecks you but does no damage.
The tengu warrior claws you but does no damage.
You bump into the metal wall.
The orc warrior hits you from afar with a +0 glaive.
* * * LOW HITPOINT WARNING * * *
The tengu warrior closely misses you.
The tengu warrior pecks you but does no damage.
The tengu warrior claws you but does no damage.
The tengu warrior attacks as you move away!
The tengu warrior hits you but does no damage.
The tengu warrior completely misses you.
The tengu warrior claws you but does no damage.
Non-targeted confused throw: 6 boomerangs
Press: ? - help, Q - select action, (/) - cycle Dir - look around, f - activate Look: a tengu warrior, wielding a +1 long sword, wearing a +0 leather armour and wearing a +0 buckler of cold resistance (moderately wounded, strong)
Okay, then.
You are too confused!
You feel less invigorated.
You feel less confused.
The tengu warrior hits you with a +1 long sword.
* * * LOW HITPOINT WARNING * * *
The tengu warrior pecks you but does no damage.
You block the tengu warrior's attack.
The tengu warrior hits you but does no damage.
The tengu warrior pecks you but does no damage.
The tengu warrior claws you.
* * * LOW HITPOINT WARNING * * *
You open the large door. The orc warrior closely misses you.
The tengu warrior hits you with a +1 long sword!!
You die...

####
###############...
##.Qo{........##... #
#.@####.......##...
.?#''# #........#...
?#....# #............
#....?(##{......##...
+.?....'....)...##...
+......'........##...
#......##.......#####
$#....#?#[......#
.$#++# #.......#


You could see a tengu warrior (strong) and an orc warrior.

Vanquished Creatures
  Grinder (D:3)
  A wraith (D:9)
  14 yaks
  A steam dragon (D:8)
  A sky beast (D:7)
  2 orc warriors
  A centaur (D:9)
  A kobold brigand (D:7)
  A gnoll sergeant (D:7)
  4 bullfrogs
  A scorpion (D:5)
  16 wights
  3 killer bees (D:9)
  A howler monkey (D:8)
  A hound (D:5)
  2 jellies (D:5)
  3 orc priests
  2 sleepcaps
  An iguana (D:7)
  5 orc wizards
  Robin (D:3)
  5 gnolls (D:7)
  7 adders
  An ufetubus (D:7)
  3 dart slugs
  21 orcs
  7 ball pythons
  3 bats
  6 endoplasms
  6 giant cockroaches
  18 goblins
  9 hobgoblins
  4 jackals
  A quokka (D:1)
  3 training dummies (D:8)
  A frilled lizard (D:2)
  8 kobolds
  4 rats
170 creatures vanquished.

Vanquished Creatures (collateral kills)
  Ijyb (D:4)
  2 goblins (D:4)
  A jackal (D:4)
4 creatures vanquished.

Grand Total: 174 creatures vanquished

Notes
Turn   | Place    | Note
-------+----------+-------------------------------------------
     0 | D:1      | Thatboi the Gargoyle Fighter began the quest for the Orb.
     0 | D:1      | Reached XP level 1. HP: 14/14 MP: 1/1
     0 | D:1      | Noticed a jelly
     0 | D:1      | Noticed a jelly
     1 | D:1      | Found a runed translucent door.
    49 | D:1      | Reached XP level 2. HP: 15/19 MP: 2/2
   390 | D:1      | Reached XP level 3. HP: 23/23 MP: 3/3
   399 | D:2      | Identified the +5 mace "Suocem" {protect, rC+ Str+5 Dex+2}
   561 | D:2      | Found Rimn's General Store.
   586 | D:2      | Bought a scroll of identify for 20 gold pieces
   690 | D:2      | Found a faded altar of an unknown god.
   920 | D:2      | Found a snail-covered altar of Cheibriados.
   940 | D:2      | Identified the +0 leather armour of Gozag's Castigation
                  | {+Inv Int-5 Slay+3}
  1028 | D:2      | Found Jixzun's Armour Boutique.
  1151 | D:3      | Reached skill level 1 in Spellcasting
  1151 | D:3      | Reached XP level 4. HP: 29/29 MP: 5/5
  1437 | D:3      | Paralysed by an orc for 4 turns
  1473 | D:3      | Found a shimmering altar of Xom.
  1609 | D:3      | Reached XP level 5. HP: 16/33 MP: 5/7
  1843 | D:3      | Noticed Grinder
  1845 | D:3      | Noticed Robin
  1876 | D:3      | Killed Robin
  1876 | D:3      | Paralysed by Grinder for 3 turns
  1883 | D:3      | Paralysed by Grinder for 5 turns
  1917 | D:3      | Killed Grinder
  1918 | D:3      | Reached XP level 6. HP: 19/39 MP: 7/9
  2540 | D:4      | Found Dauxoas's Assorted Antiques.
  2906 | D:4      | Noticed Ijyb
  2921 | D:4      | Killed Ijyb
  3024 | D:4      | Reached XP level 7. HP: 43/44 MP: 10/10
  3113 | D:4      | Found a runed translucent door.
  3114 | D:4      | Noticed Crazy Yiuf
  3161 | D:5      | Entered Level 5 of the Dungeon
  3248 | D:5      | Reached skill level 5 in Fighting
  3248 | D:5      | Reached skill level 5 in Armour
  3248 | D:5      | Reached skill level 5 in Shields
  3394 | D:5      | Found a staircase to the Ecumenical Temple.
  3405 | Temple   | Entered the Ecumenical Temple
  3572 | Temple   | Became a worshipper of Ashenzari the Shackled
  4283 | D:6      | You fall into a shaft and drop 1 floor!
  4312 | D:7      | Reached XP level 8. HP: 49/49 MP: 12/12
  4461 | D:7      | Found an ornate altar of the Wu Jian Council.
  5005 | D:7      | Noticed a yak
  5005 | D:7      | Noticed a yak
  5005 | D:7      | Noticed a yak
  5006 | D:7      | Noticed a yak
  5006 | D:7      | Noticed a yak
  5006 | D:7      | Noticed a yak
  5030 | D:7      | Killed a yak
  5030 | D:7      | Killed a yak
  5031 | D:7      | Reached XP level 9. HP: 56/56 MP: 13/15
  5049 | D:7      | Reached skill level 5 in Polearms
  5884 | D:8      | Reached skill level 5 in Spellcasting
  5940 | D:8      | Found Pawaqe's Firing Range.
  6029 | D:8      | Reached XP level 10. HP: 5/63 MP: 16/18
  6031 | D:8      | HP: 2/63 [yak (3)]
  6334 | D:8      | Reached * piety under Ashenzari
  6334 | D:8      | Identified a scroll of acquirement
  6678 | D:8      | Identified the +4 ring mail of Tuvad {rCorr Int+4 Dex-3
                  | Stlth+}
  7456 | D:9      | Noticed a tengu warrior
  7497 | D:9      | Mangled by a tengu warrior

Illustrated notes

Levels and vault maps discovered:
D:1:      dpeg_arrival_caged_fury, layout_basic, minmay_pentomino_t4
D:2:      layout_loops_cross, serial_shops, shop_fountains, shop,
          basic_ecumenical_altar, basic_altar, minmay_strange_pillars
D:3:      layout_basic, tgw_xom, uniq_robin, uniq_grinder
D:4:      kennysheep_goblin_castle, layout_gridville, serial_shops, shop,
          uniq_crazy_yiuf_cottage
D:5:      layout_basic, minmay_temple_entry_statues_pillars,
          guppyfry_early_orc_mine
D:6:      layout_gridville, marbit_many_paths
D:7:      layout_loops_ring, nzn_wu_jian_council_hall, minivault_19,
          columned_hall_lemuel
D:8:      layout_basic, nicolae_shop_firing_range
D:9:      layout_roguey, grunt_qazlal_clouds, lightli_fourway_metalbox
Temple:   minmay_crystal_spiral_temple

Skill      XL: |  1  2  3  4  5  6  7  8  9 10 |
---------------+-------------------------------+-----
Polearms       | 2 3 4 5 6 |  6.4
Spellcasting   | 1 2 3 4 5 6 |  6.1
Fighting       | 4 5 6 7 8 |  8.1
Armour         | 4 5 6 7 8 |  8.2
Shields        | 4 5 6 7 8 |  8.2
Maces & Flails | |  0.4

Action                     |  1- 3 |  4- 6 |  7- 9 | 10-12 || total
---------------------------+-------+-------+-------+-------++-------
  Melee: Trident           |    89 |    34 |       |       ||   123
         Mace              |    19 |       |       |       ||    19
         Spear             |       |   112 |   308 |   181 ||   601
  Throw: Dart              |       |       |     3 |       ||     3
         Throwing net      |       |       |     1 |       ||     1
         Boomerang         |       |       |       |     2 ||     2
 Invoke: Curse Item        |       |       |     1 |     1 ||     2
  Evoke: Wand              |       |     2 |     7 |       ||     9
    Use: Scroll            |     5 |     3 |     5 |     5 ||    18
         Potion            |       |     2 |     4 |     1 ||     7
   Stab: Invisible         |       |     2 |     1 |       ||     3
         Confused          |       |       |       |     1 ||     1
         Paralysed         |       |       |       |     1 ||     1
 Armour: Scale mail        |    65 |   112 |   201 |   141 ||   519
  Dodge: Dodged            |    54 |    94 |   141 |    57 ||   346
  Block: Buckler           |    31 |    31 |   106 |    71 ||   239
